 Dungeon Crawl Stone Soup version 0.25-a0-942-g87a53962fc (webtiles) character file.

Game seed: 4273235649430340992, levelgen mode: classic

5 Amnesiac the Magician (level 1, 0/10 HPs)
             Began as a Deep Elf Wizard on May 7, 2020.
             Killed by nerve-wracking pain
             ... invoked by an orc priest
              (10 damage)
             ... on level 3 of the Dungeon.
             The game lasted 00:01:18 (447 turns).

Amnesiac the Magician (Deep Elf Wizard)              Turns: 447, Time: 00:01:18

Health: 0/10       AC:  2    Str:  4    XL:     1   Next: 66%
Magic:  7/8        EV: 13    Int: 22    God:
Gold:   6          SH:  0    Dex: 13    Spells: 8/9 levels left

rFire    . . .     SeeInvis .   a - +1 dagger (venom)
rCold    . . .     Gourm    .   (no shield)
rNeg     . . .     Faith    .   f - +0 robe
rPois    .         Spirit   .   (no helmet)
rElec    .         Reflect  .   (no cloak)
rCorr    .         Harm     .   (no gloves)
MR       .....                  (no boots)
Stlth    ++........             (no amulet)
HPRegen  0.03/turn              (no ring)
MPRegen  0.11/turn              (no ring)

@: no status effects
A: no striking features
a: no special abilities


You were on level 3 of the Dungeon.
You were not hungry.

You visited 1 branch of the dungeon, and saw 3 of its levels.

You collected 6 gold pieces.

Inventory:

Hand Weapons
 a - a +1 dagger of venom (weapon)
Armour
 f - a +0 robe (worn)
Scrolls
 c - a scroll of enchant weapon {!r, unknown}
Potions
 e - a potion of heal wounds {!q, unknown}
 h - a potion of might {!q, unknown}
Comestibles
 d - a ration
 g - 3 chunks of flesh


   Skills:
 - Level 2.4 Dodging
 + Level 2.6 Stealth
 - Level 4.5 Spellcasting
 * Level 1.6 Conjurations
   Level 1.1 Summonings
   Level 1.1 Translocations


You had 8 spell levels left.
You knew the following spells:

 Your Spells              Type           Power        Failure   Level  Hunger
a - Magic Dart            Conj           ##..         5%          1    None

Your spell library contained the following spells:

 Spells                   Type           Power        Failure   Level  Hunger
 Blink                    Tloc           N/A          11%         2    #......
 Call Imp                 Summ           #.......     11%         2    #......
 Slow                     Hex            #.......     16%         2    #......
 Conjure Flame            Conj/Fire      #.......     22%         3    ##.....
 Mephitic Cloud           Conj/Pois/Air  #.......     26%         3    ##.....


Dungeon Overview and Level Annotations

Branches:
Dungeon (3/15)

Altars:


Message History

Aim: a kobold (moderately wounded)
The magic dart hits the kobold.
You kill the kobold!
Casting: Magic Dart (safe; 6% risk of failure)
Confirm with . or Enter, or press ? or * to list all spells.
You can't see any susceptible monsters within range! (Use Z to cast anyway.)
A bat comes into view.
Casting: Magic Dart (safe; 6% risk of failure)
Confirm with . or Enter, or press ? or * to list all spells.
Aiming: Magic Dart (safe; 6% risk of failure)
Press: ? - help, Shift-Dir - straight line, f - bat
Aim: a bat (resting)
The magic dart hits the bat.
You kill the bat!
Training target 4.5 for Spellcasting reached!
Casting: Magic Dart (safe; 6% risk of failure)
Confirm with . or Enter, or press ? or * to list all spells.
You can't see any susceptible monsters within range! (Use Z to cast anyway.)
Found 15 arrows.
Found an escape hatch in the ceiling.
You see here a glowing dagger.
f - a glowing dagger Your +1 dagger of venom begins to drip with poison!
f - a +1 dagger of venom (weapon)
You see here a bat corpse.
You butcher the bat corpse.
g - a chunk of flesh You see here a bat skeleton.
Your magical contamination has completely faded away.
Magic restored.
h - a metallic orange potion {!q} Adjust (i)tems, (s)pells, or (a)bilities?
Adjust which item? (? for menu, Esc to quit)
f - a +1 dagger of venom (weapon)
Adjust to which letter? (? for menu, Esc to quit)
a - a +1 dagger of venom (weapon);
f - a +0 robe (worn)
Drop what? 8/52 slots (_ for help) (? for menu, Esc to quit)
You start removing your armour.
You continue taking off your +0 hat. x4
You finish taking off your +0 hat.
You drop a +0 hat.
A quokka comes into view.
Found a green potion.
The helpless quokka fails to defend itself.
You puncture the quokka!
You kill the quokka!
You see here a quokka corpse.
You butcher the quokka corpse.
g - 3 chunks of flesh (gained 2)
You see here a quokka skeleton.
A hobgoblin comes into view. It is wielding a +0 club.
Found a scroll labeled SOGEMA IMPEBI.
Found a stone staircase leading down.
An orc priest comes into view.
The hobgoblin shouts!
Casting: Magic Dart (safe; 5% risk of failure)
Confirm with . or Enter, or press ? or * to list all spells.
Aiming: Magic Dart (safe; 5% risk of failure)
Press: ? - help, Shift-Dir - straight line, f - hobgoblin
Aim: a hobgoblin, wielding a +0 club The magic dart hits the hobgoblin.
The hobgoblin is heavily wounded.
The orc priest shouts!
You hear a shout!
The orc priest invokes the aid of Beogh against you.
Pain shoots through your body!
Ouch! That really hurt!
You die...

.###............
.###.###÷..#.###.#
.......#####.# #>#
####(#.# #.# #.#
#.#.# #.# #.#
####.#.#####.###.#
...............#.#
####.#.......# #g#
#.#.#.###.###@######
#.#.#.#
#.÷...!......
#.#.#.#
#####.#######
#.#.[.# #.# #.#####
#o# #.. ..# ### #?#
#.# ##


You could see an orc priest and a hobgoblin.

Vanquished Creatures
  A dart slug (D:2)
  A quokka (D:3)
  A bat (D:3)
  A kobold (D:3)
4 creatures vanquished.

Notes
Turn   | Place    | Note
-------+----------+-------------------------------------------
     0 | D:1      | Amnesiac the Deep Elf Wizard began the quest for the Orb.
     0 | D:1      | Reached XP level 1. HP: 10/10 MP: 7/7
   446 | D:3      | Noticed an orc priest
   447 | D:3      | Killed from afar by an orc priest

Levels and vault maps discovered:
D:1:      dpeg_arrival_central, layout_basic
D:2:      layout_basic
D:3:      kennysheep_goblin_castle, layout_basic, lemuel_round_altar,
          uniq_crazy_yiuf_cottage

Action                   || total
-------------------------++-------
Melee: Dagger            ||     1
 Cast: Magic Dart        ||    13
 Stab: Sleeping          ||     1

Table legend:
 A = Non-vault XP
 B = Vault XP
 C = Vault XP percentage of total XP
 D = Non-vault monster count
 E = Vault monster count
 F = Vault count percentage of total count
                 A         B        C        D         E       F
            +---------+---------+-------+---------+---------+-------
      Total |       8 |       0 |   0.0 |       4 |       0 |   0.0
            +---------+---------+-------+---------+---------+-------
        D:2 |       4 |       0 |   0.0 |       1 |       0 |   0.0
        D:3 |       4 |       0 |   0.0 |       3 |       0 |   0.0
            +---------+---------+-------+---------+---------+-------
